Map: Waterfall

Players

BudgetMaxPax

  • Race: Terran Terran
  • League: Gold
  • Spawn Location: 1:00

grillbottom - Winner!

  • Race: Terran Terran
  • League: Bronze
  • Spawn Location: 7:00

VOD

Have the link to the VOD?

Description

Time

  • Played on: Jan. 10, 2023, 3:24 p.m.
  • Length: 10:46
Show
View Real Time Build Order
Export as new Build Order

BudgetMaxPax Terran 

Build Orders:  

Get SALT Encoding   

  12  0:01  SCV  
  13  0:13  SCV  
  14  0:20  Supply Depot  
  14  0:25  SCV  
  15  0:42  SCV  
  16  0:44  Barracks  
  16  0:52  Refinery  
  16  0:54  SCV  
  16  0:57  Refinery  
  17  1:06  SCV  
  18  1:18  SCV  
  19  1:30  SCV  
  20  1:34  Marine  
  20  1:35  Supply Depot  
  21  1:42  SCV  
  22  1:49  Engineering Bay  
  22  1:54  SCV  
  23  2:01  Factory  
  23  2:06  SCV  
  23  2:07  Marine  
  25  2:25  Supply Depot  
  25  2:29  Barracks Tech Lab  
  25  2:47  Factory Tech Lab  
  25  2:51  Starport  
  25  2:55  Combat Shield  
  25  2:58  Marine  
  26  3:07  Siege Tank  
  29  3:15  Terran Infantry Weapons Level 1  
  29  3:17  Marine  
  30  3:31  Starport Reactor  
  30  3:42  Command Center  
  30  3:48  Marine  
  31  3:54  Barracks  
  31  3:57  Barracks  
  31  4:04  Orbital Command  
  31  4:16  Marine  
  32  4:26  Concussive Shells  
  32  4:34  Marauder  
  34  4:44  Barracks Reactor  
  35  4:50  Barracks Tech Lab  
  34  4:59  Marauder  
  36  5:18  Medivac x2  
  40  5:23  Marine x2, Marauder x2  
  46  5:31  SCV  
  47  5:41  Marine x2  
  47  5:42  Siege Tank  
  52  5:43  SCV  
  53  5:55  SCV  
  54  6:08  Supply Depot  
  54  6:10  Supply Depot  
  54  6:15  Supply Depot  
  54  6:17  Supply Depot  
  54  6:18  Supply Depot  
  54  6:30  Medivac x2, SCV  
  59  6:42  SCV  
  60  6:54  SCV  
  60  6:57  Marine x2  
  60  6:59  Marauder x2  
  67  7:06  SCV  
  68  7:15  Marine x2  
  69  7:18  SCV  
  69  7:20  Marauder x2  
  64  7:50  Marine  
  64  7:51  Marine, Marauder x2  
  70  8:08  Marine  
  70  8:09  Marine  
  70  8:12  Marauder x2  
  76  8:20  Refinery  
  76  8:21  Refinery  
  76  8:24  SCV x2  
  76  8:25  Marine  
  76  8:26  Marine  
  79  8:34  Marauder x2  
  84  8:36  SCV x2  
  86  8:43  Marine  
  86  8:44  Marine  
  86  8:48  SCV x2  
  89  8:51  Barracks  
  89  8:55  Marauder x2  
  94  9:00  Barracks  
  94  9:01  Barracks  
  94  9:09  Marine x2  
  94  9:10  SCV x2  
  94  9:16  Marauder  
  100  9:22  SCV  
  101  9:36  Armory  
  101  9:54  Command Center  
  101  9:58  Supply Depot  
  101  9:59  Supply Depot x2  
  48  10:21  Supply Depot  
  48  10:24  Supply Depot  
  48  10:26  Supply Depot  
Show
View Real Time Build Order
Export as new Build Order

grillbottom Terran - Winner!

Build Orders:  

Get SALT Encoding   

  12  0:00  SCV  
  13  0:14  Supply Depot  
  13  0:18  SCV  
  14  0:30  SCV  
  15  0:39  Barracks  
  15  0:42  SCV  
  16  0:54  Barracks  
  16  0:55  SCV  
  17  1:07  SCV  
  17  1:08  Refinery  
  18  1:19  SCV  
  19  1:29  Marine  
  20  1:36  SCV  
  20  1:39  Refinery  
  21  1:49  Supply Depot  
  21  1:50  SCV  
  21  1:54  Marine  
  23  2:11  Marine x2, SCV  
  26  2:23  SCV  
  26  2:28  Marine  
  28  2:35  Supply Depot  
  28  2:36  Command Center  
  28  2:39  SCV  
  29  2:44  Marine  
  29  2:51  Marine  
  31  2:56  SCV  
  31  2:58  Supply Depot  
  32  3:04  Marine  
  33  3:08  Marine, SCV  
  35  3:20  SCV  
  35  3:21  Marine  
  37  3:29  Marine  
  37  3:30  Factory  
  37  3:33  SCV  
  39  3:40  Marine  
  40  3:47  Marine  
  41  3:55  SCV  
  41  3:58  Reaper  
  41  4:01  Orbital Command  
  43  4:05  Marine  
  43  4:07  SCV  
  45  4:15  Starport  
  45  4:20  SCV  
  45  4:23  Reaper  
  47  4:29  SCV  
  47  4:30  Marine  
  49  4:43  SCV  
  49  4:44  SCV  
  51  4:48  Marine  
  52  4:55  Marine, SCV  
  52  4:56  SCV  
  55  5:05  Marine  
  55  5:12  SCV x2  
  55  5:13  Marine  
  58  5:23  Marine  
  58  5:24  Barracks  
  58  5:26  Barracks  
  58  5:27  Command Center  
  58  5:28  Supply Depot  
  59  5:29  Engineering Bay, SCV x2  
  59  5:34  Marine  
  62  5:49  Medivac  
  64  5:52  Marine, Supply Depot  
  64  5:53  Marine  
  66  5:58  SCV x2  
  68  6:10  Marine, SCV  
  70  6:14  Marine, SCV  
  70  6:15  Barracks Tech Lab  
  72  6:19  Medivac  
  72  6:21  Terran Infantry Weapons Level 1, Supply Depot  
  72  6:23  Marine  
  75  6:26  SCV  
  75  6:27  SCV  
  75  6:30  Marine  
  78  6:37  Barracks  
  78  6:38  Marine  
  79  6:42  Barracks  
  79  6:43  Supply Depot  
  79  6:44  Marine x2  
  79  6:45  Supply Depot  
  81  6:48  Stimpack  
  81  6:49  Marine, Medivac  
  81  6:52  SCV x3  
  87  6:59  Marine  
  88  7:03  Marine x2  
  88  7:04  SCV  
  91  7:10  Marine  
  87  7:17  Marine  
  87  7:19  Medivac  
  80  7:48  Marine, SCV x3  
  80  7:49  Marine x4, Medivac  
  90  8:06  Marine x2  
  90  8:07  Marine x2  
  90  8:08  Marine  
  90  8:11  Barracks  
  95  8:15  Terran Infantry Armor Level 1  
  95  8:19  Medivac  
  97  8:24  Marine x3  
  97  8:25  Marine  
  97  8:26  Marine  
  102  8:41  Supply Depot  
  102  8:42  Marine x4, Supply Depot  
  102  8:44  Marine  
  107  8:49  Medivac  
  107  8:55  SCV x3  
  112  9:00  Marine x4  
  112  9:01  Marine  
  117  9:03  Refinery  
  117  9:05  Refinery  
  117  9:07  SCV x2  
  117  9:08  Marine  
  120  9:18  Marine x4  
  120  9:19  Medivac  
  126  9:26  Marine x2  
  128  9:35  Marine  
  128  9:36  Marine x3  
  128  9:37  SCV  
  133  9:45  Barracks  
  133  9:49  Barracks  
  133  9:52  Marine x2, Medivac  
  137  9:53  Marine x3  
  137  9:54  Marine  
  137  9:56  Supply Depot  
  137  9:57  Supply Depot  
  141  10:08  Orbital Command  
  141  10:10  Marine  
  141  10:12  Marine x3  
  125  10:27  Marine x2  
  129  10:32  SCV  
Tags
 
Matchup
TvT
Race
Terran
Spawn Locations
Cross Positions
Add a new tag
Caveats
  • Supply blocks, unpowered buildings, or Contaminate may cause inaccurate times.
  • Supply counts are checked every 10 seconds.